 Dungeon Crawl Stone Soup version 0.30-a0-743-gbfdf073431 (webtiles) character file.

Game seed: 17278092333759105173

504 sircluck the Magician (level 7, -8/48 HPs)
             Began as a Djinni Hedge Wizard on Feb 6, 2023.
             Mangled by Duvessa
             ... wielding a +0 short sword
              (9 damage)
             ... on level 4 of the Dungeon.
             The game lasted 00:14:42 (3871 turns).

sircluck the Magician (Djinni Hedge Wizard)         Turns: 3871, Time: 00:14:43

Health: -8/48      AC:  2    Str:  9    XL:     7   Next: 41%
Gold:   165        EV: 13    Int: 23    God:
                   SH:  0    Dex: 13

rFire   + + .      SeeInvis .    q - +6 quarterstaff of Indomitability {flame, rC+}
rCold   . . .      Faith    .    (shield currently unavailable)
rNeg    . . .      Spirit   .    b - +0 robe
rPois   ∞          Reflect  .    c - +0 hat
rElec   .          Harm     .    (no cloak)
rCorr   .          Rampage  .    (no gloves)
Will    .....                    (boots unavailable)
Stlth   ++                       r - amulet of the acrobat
HPRegen 0.28/turn                p - +6 ring of intelligence
MPRegen 0.00/turn                (no ring)

@: brilliant, flying
A: sickness immunity, fire resistance 2, cold vulnerability 1, float, innate
caster, HP casting, extra vitality 1
a: no special abilities


You were on level 4 of the Dungeon.
You visited 1 branch of the dungeon, and saw 4 of its levels.

You collected 165 gold pieces.

Inventory:

Hand Weapons
 a - a +0 dagger
 q - the +6 quarterstaff of Indomitability (weapon) {flame, rC+}
   (You found it on level 3 of the Dungeon)

   rC:        It protects you from cold.
 A - a +2 whip of holy wrath
Missiles
 f - 5 boomerangs
 j - 47 stones
 v - 4 poisoned darts
Armour
 b - a +0 robe (worn)
 c - a +0 hat (worn)
 y - a +0 pair of boots
Jewellery
 p - a +6 ring of intelligence (left hand)
 r - an amulet of the acrobat (around neck)
 w - a ring of see invisible
Wands
 u - a wand of iceblast (13)
 z - a wand of polymorph (7)
Scrolls
 h - 2 scrolls of fear {unknown}
 i - 3 scrolls of magic mapping {unknown}
 l - 2 scrolls of teleportation {unknown}
 m - a scroll of vulnerability {unknown}
 o - 3 scrolls of identify {unknown}
 s - a scroll of amnesia {unknown}
Potions
 d - a potion of magic
 e - a potion of haste {unknown}
 g - 6 potions of curing {unknown}
 k - a potion of brilliance
 n - a potion of resistance
 t - a potion of heal wounds {unknown}
 x - a potion of cancellation {unknown}


   Skills:
 + Level 1.8 Fighting
 - Level 0.1 Short Blades
 * Level 3.0 Staves
 + Level 3.5 Dodging
 + Level 2.6 Stealth
 + Level 4.3 Spellcasting


You couldn't memorise any spells.
You knew the following spells:

 Your Spells              Type           Power      Damage    Failure   Level
a - Magic Dart            Conj           100%       1d8       1%          1
b - Slow                  Hex            100%       N/A       1%          1
c - Blink                 Tloc           74%        N/A       2%          2
d - Call Imp              Summ           37%        N/A       2%          2
e - Mephitic Cloud        Conj/Pois/Air  37%        N/A       5%          3
f - Foxfire               Conj/Fire      100%       2x1d9     1%          1
g - Static Discharge      Conj/Air       74%        2-6/arc   2%          2
h - Frozen Ramparts       Ice            74%        1d12      5%          3
Your spell library was empty.

Dungeon Overview and Level Annotations

Branches:
Dungeon (4/15)
 Temple: D:4-7

Altars:
Cheibriados
Dithmenos
Elyvilon

Annotations:
D:4 Dowan, Duvessa


Innate Abilities, Weirdness & Mutations

You are immune to sickness and miasma.
You are immune to poison.
Your flesh is very heat resistant. (rF++)
You are vulnerable to cold. (rC-)
You float through the air rather than walking.
You learn spells naturally, not from books.
Your magical power is your life essence.
You have superior vitality. (+4 MHP)


Message History

The ball explodes into a vile cloud!
The stinking cloud engulfs Duvessa but does no damage.
The stinking cloud engulfs the hound but does no damage.
The hound is almost dead.
The stinking cloud engulfs the orc but does no damage.
The stinking cloud engulfs Dowan but does no damage.
The stinking cloud engulfs you but does no damage.
The hound is engulfed in noxious fumes.
The hound appears confused.
The hound bites you.
Duvessa is engulfed in noxious fumes.
Duvessa appears confused.
Duvessa hits the orc with a +0 short sword.
The orc is engulfed in noxious fumes.
The orc appears confused.
The orc says, "I'm a little confused."
Dowan is engulfed in noxious fumes.
Dowan appears confused.
Dowan hits the hound with a +0 dagger.
The hound is killed!
Your Staves skill increases to level 3!
Duvessa is engulfed in noxious fumes.
Duvessa appears confused.
Dowan is engulfed in noxious fumes.
Dowan appears confused.
Duvessa is engulfed in noxious fumes.
Duvessa appears confused.
Duvessa completely misses herself.
You hit Duvessa but do no damage.
Duvessa is engulfed in noxious fumes.
Duvessa appears confused.
Duvessa hits you with a +0 short sword!
The orc is engulfed in noxious fumes.
The orc appears confused.
Dowan is engulfed in noxious fumes.
Dowan appears confused.
Dowan hits Duvessa with a +0 dagger.
You sock Duvessa! You burn Duvessa.
Duvessa is heavily wounded.
Duvessa is engulfed in noxious fumes.
Duvessa appears confused.
Duvessa hits you with a +0 short sword.
* * * LOW HITPOINT WARNING * * *
The orc is engulfed in noxious fumes.
The orc appears confused.
Dowan hits Duvessa with a +0 dagger.
Duvessa is engulfed in noxious fumes.
Duvessa says, "I'm a little confused."
Duvessa hits you with a +0 short sword!
* * * LOW HITPOINT WARNING * * *
It was a potion of brilliance.
You feel clever all of a sudden. Duvessa hits you with a +0 short sword!
You die...

..... #.....#....#
.... #.....#....# ...
###..##....# ..
#....##....# .
#....##....#
#.....#°...#
#......oe..# ### #e#
#.. #@####### #..
##.......## ####..
#.....)...####.....
#.#####.#......##..
#.#.###.#####..####
#.#.....# ##...##
###.#.##########.#..)
#......).........###.
#.#.#.#.##.#########.


You could see Duvessa (fast, confused), Dowan (confused) and an orc (confused).

Vanquished Creatures
  2 ogres (D:4)
  2 scorpions (D:4)
  A hound (D:4)
  2 iguanas (D:4)
  3 adders
  4 gnolls (D:4)
  A worm (D:2)
  2 dart slugs (D:2)
  2 orcs
  5 ball pythons
  5 bats
  2 endoplasms
  A giant cockroach (D:4)
  7 goblins
  6 hobgoblins
  A quokka (D:1)
  2 frilled lizards
  4 kobolds
  4 rats
56 creatures vanquished.

Vanquished Creatures (collateral kills)
  An adder (D:2)
  An orc (D:2)
  A giant cockroach (D:2)
  A kobold (D:2)
  A ball python (D:2)
5 creatures vanquished.

Grand Total: 61 creatures vanquished

Notes
Turn   | Place    | Note
-------+----------+-------------------------------------------
     0 | D:1      | sircluck the Djinni Hedge Wizard began the quest for the
                  | Orb.
     0 | D:1      | sircluck set off with the following spells memorised: Magic
                  | Dart, Slow, Blink, Call Imp, Mephitic Cloud.
     0 | D:1      | Reached XP level 1. HP: 15/15 MP: 0/0
   158 | D:1      | Reached XP level 2. HP: 20/21 MP: 0/0
   764 | D:2      | Reached XP level 3. HP: 24/25 MP: 0/0
   764 | D:2      | Learned a level 1 spell: Foxfire
   807 | D:2      | Reached skill level 3 in Spellcasting
  1291 | D:2      | Reached XP level 4. HP: 21/31 MP: 0/0
  2060 | D:3      | Identified the +6 quarterstaff of Indomitability {flame,
                  | rC+}
  2404 | D:3      | Found a shadowy altar of Dithmenos.
  2414 | D:3      | Found a snail-covered altar of Cheibriados.
  2416 | D:3      | Found a white marble altar of Elyvilon.
  2762 | D:4      | Noticed a scorpion
  2772 | D:4      | Killed a scorpion
  2773 | D:4      | Reached skill level 1 in Fighting
  2773 | D:4      | Reached XP level 5. HP: 35/37 MP: 0/0
  2773 | D:4      | Learned a level 2 spell: Static Discharge
  2785 | D:4      | Reached skill level 1 in Staves
  3091 | D:4      | Reached XP level 6. HP: 8/42 MP: 0/0
  3395 | D:4      | Noticed an ogre
  3493 | D:4      | Killed an ogre
  3494 | D:4      | Reached skill level 4 in Spellcasting
  3708 | D:4      | Reached XP level 7. HP: 33/47 MP: 0/0
  3708 | D:4      | Learned a level 3 spell: Frozen Ramparts
  3861 | D:4      | Noticed Dowan
  3861 | D:4      | Noticed Duvessa
  3870 | D:4      | HP: 1/48 [Duvessa/+0 short sword (11)]
  3871 | D:4      | Mangled by Duvessa

Illustrated notes

Levels and vault maps discovered:
D:1:      dpeg_arrival_orchard, layout_loops_cross
D:2:      layout_basic
D:3:      layout_loops_ring, minitemple
D:4:      layout_basic, uniq_duvessa

Skill      XL: |  1  2  3  4  5  6  7 |
---------------+----------------------+-----
Spellcasting   | 3 4 |  4.3
Stealth        | 2 |  2.6
Fighting       | 1 |  1.8
Dodging        | 3 |  3.5
Staves         | 1 2 3 |  3.0
Short Blades   | |  0.1

Action                     |  1- 3 |  4- 6 |  7- 9 || total
---------------------------+-------+-------+-------++-------
  Melee: Dagger            |    30 |       |       ||    30
         Quarterstaff      |       |    36 |    11 ||    47
   Cast: Magic Dart        |    46 |    81 |     3 ||   130
         Call Imp          |     3 |       |       ||     3
         Blink             |     1 |       |       ||     1
         Mephitic Cloud    |       |       |     1 ||     1
    Use: Potion            |       |       |     1 ||     1
   Stab: Sleeping          |       |     1 |       ||     1
 Armour: Robe              |     7 |     6 |       ||    13
  Dodge: Dodged            |    28 |    55 |    14 ||    97

Table legend: (Time is in decaauts)
 A = Elapsed time spent in this place.
 B = Non-inter-level travel time spent in this place.
 C = Inter-level travel time spent in this place.
 D = Time resting spent in this place.
 E = Time spent auto-exploring this place.
 F = Levels seen in this place.
 G = Mean time per level.
                   A        B        C        D        E       F      G
               +--------+--------+--------+--------+--------+-----+--------+
         Total |   3880 |   3814 |     66 |    320 |   2207 |   4 |  970.0 |
       Dungeon |   3880 |   3814 |     66 |    320 |   2207 |   4 |  970.0 |
               +--------+--------+--------+--------+--------+-----+--------+

Top non-repeatable levels by time:
     D:4: 1127 daAuts
     D:2: 1123 daAuts
     D:3: 890 daAuts
     D:1: 738 daAuts
